Map: Bel'Shir Vestige LE (Void)

Players

PandaBearMe - Winner!

  • Race: Zerg Zerg
  • Spawn Location: 5:00

Livibee

  • Race: Zerg Zerg
  • Spawn Location: 11:00

Event: WCS Austin 2017

VOD

Have the link to the VOD?

Description

Time

  • Played on: April 28, 2017, 3:05 p.m.
  • Length: 6:05

All games in this series

Show
View Real Time Build Order
Export as new Build Order

PandaBearMe Zerg - Winner!

Build Orders: Hatch First 

Get SALT Encoding   

  12  0:01  Drone  
  13  0:12  Overlord  
  13  0:17  Drone  
  14  0:31  Drone x2  
  16  0:48  Hatchery  
  15  0:51  Drone  
  15  0:54  Drone  
  17  0:58  Drone  
  17  1:01  Extractor  
  17  1:13  Spawning Pool  
  17  1:16  Drone  
  17  1:19  Drone  
  18  1:28  Drone  
  19  1:39  Overlord  
  19  1:59  Queen x2  
  19  2:00  Metabolic Boost  
  23  2:03  Zergling x4  
  23  2:07  Drone  
  26  2:11  Drone  
  26  2:13  Drone  
  28  2:21  Baneling Nest  
  27  2:23  Drone  
  27  2:28  Drone  
  29  2:34  Drone  
  30  2:43  Drone  
  30  2:44  Drone  
  32  2:56  Drone  
  32  2:57  Hatchery  
  32  2:58  Overlord  
  32  3:05  Drone  
  33  3:08  Zergling x4  
  33  3:09  Zergling x2  
  36  3:19  Zergling x6  
  39  3:22  Drone, Overlord  
  39  3:37  Drone x3  
  39  3:39  Baneling x2  
  39  3:41  Queen  
  44  3:49  Baneling x2  
  44  3:53  Overlord  
  44  3:55  Drone  
  45  3:57  Drone x2, Roach Warren  
  46  4:03  Drone x2  
  48  4:11  Overlord  
  48  4:12  Drone x2  
  48  4:26  Zergling x2  
  48  4:27  Zergling x8  
  53  4:31  Extractor  
  53  4:33  Extractor  
  50  4:39  Roach x4  
  50  4:40  Roach x3  
  50  4:43  Roach  
  66  4:49  Zergling x2  
  65  4:56  Roach x2  
  65  4:59  Overlord  
  67  5:01  Zergling x4, Roach x2  
  67  5:03  Overlord  
  67  5:04  Overlord  
  73  5:10  Overlord  
  73  5:19  Ravager x2  
  73  5:20  Zergling x4  
  77  5:24  Zergling x2  
  77  5:25  Zergling x6  
  77  5:26  Zergling x2  
  77  5:27  Zergling x2  
  83  5:29  Zergling x2  
  83  5:30  Zergling x2  
  83  5:32  Ravager x2  
  83  5:34  Zergling x2  
  86  5:36  Zergling x2  
  86  5:40  Zergling x4  
  89  5:46  Zergling x4  
  89  5:47  Zergling x4  
Show
View Real Time Build Order
Export as new Build Order

Livibee Zerg 

Build Orders: Hatch First 

Get SALT Encoding   

  12  0:00  Drone  
  13  0:12  Overlord  
  13  0:18  Drone  
  14  0:30  Drone x2  
  14  0:34  Drone  
  17  0:55  Hatchery  
  16  1:00  Drone  
  17  1:11  Spawning Pool  
  16  1:14  Drone  
  17  1:20  Extractor  
  17  1:23  Drone  
  17  1:33  Drone  
  17  1:34  Drone  
  19  1:45  Overlord  
  19  1:53  Drone  
  20  1:59  Queen  
  22  2:03  Zergling x2  
  22  2:07  Queen  
  25  2:08  Zergling x2  
  25  2:11  Drone  
  27  2:18  Drone  
  27  2:21  Drone  
  29  2:24  Metabolic Boost  
  29  2:30  Drone  
  29  2:33  Drone  
  31  2:41  Drone  
  31  2:44  Drone  
  32  2:55  Hatchery  
  31  3:01  Baneling Nest  
  31  3:02  Zergling x2  
  31  3:09  Drone x3  
  31  3:10  Drone x2  
  36  3:15  Overlord  
  36  3:20  Overlord  
  36  3:32  Zergling x4  
  36  3:35  Lair  
  36  3:37  Extractor  
  36  3:41  Roach Warren  
  34  3:42  Drone x3  
  37  3:49  Drone x2, Spine Crawler  
  37  3:52  Drone  
  39  4:01  Baneling x2  
  39  4:04  Zergling x4  
  24  4:34  Zergling x8  
  23  4:53  Drone x2  
  23  4:56  Baneling x2  
  23  4:58  Drone x4  
  23  4:59  Drone  
  30  5:00  Queen x2  
  30  5:04  Drone x3  
  37  5:21  Drone x4  
  39  5:30  Spire  
  39  5:33  Baneling  
  38  5:36  Zergling x4  
Tags
 
Add a new tag
Caveats
  • Supply blocks, unpowered buildings, or Contaminate may cause inaccurate times.
  • Supply counts are checked every 10 seconds.